 Dungeon Crawl Stone Soup version 0.31-a0-174-g85c54bcb58 (webtiles) character file.

Game seed: 9957072927751438715

1213 Velope the Ducker (level 8, -4/58 HPs)
             Began as a Djinni Ice Elementalist on June 15, 2023.
             Slain by an ice beast (8 damage)
             ... on level 5 of the Dungeon.
             The game lasted 00:34:51 (8569 turns).

Velope the Ducker (Djinni Ice Elementalist)         Turns: 8569, Time: 00:34:51

Health: -4/58      AC:  3    Str:  9    XL:     8   Next: 74%
Gold:   178        EV: 14    Int: 16    God:
                   SH:  0    Dex: 15

rFire   + + .        t - +2 dagger (venom)
rCold   . . .        (no shield)
rNeg    . . .        v - +0 animal skin
rPois   ∞            f - +0 helmet
rElec   .            (no cloak)
rCorr   .            (no gloves)
SInv    .            (boots unavailable)
Will    .....        (no amulet)
Stlth   +++          p - ring of protection from cold
HPRegen 0.29/turn    (no ring)
MPRegen 0.00/turn

%: infuse magic (-5 HP)
@: flying
A: sickness immunity, fire resistance 2, cold vulnerability 1, float, innate
caster, HP casting, extra vitality 1
a: no special abilities


You were on level 5 of the Dungeon.
You visited 1 branch of the dungeon, and saw 5 of its levels.
You also visited: Sewer.

You collected 178 gold pieces.

Inventory:

Hand Weapons
 b - a +0 short sword of freezing
 e - a +0 spear
 h - a +0 trident
 j - a +1 dagger of freezing
 l - a +0 sling
 t - a +2 dagger of venom (weapon)
 y - a +0 dagger
Missiles
 g - 53 stones (quivered)
Armour
 a - a +0 robe
 c - a +0 ring mail
 f - a +0 helmet (worn)
 i - a +0 plate armour
 k - a +0 leather armour
 v - a +0 animal skin (worn)
 w - a +0 helmet
 z - a +0 scale mail
Jewellery
 p - a ring of protection from cold (left hand)
Wands
 o - a wand of mindburst (3)
 x - a wand of paralysis (4)
 B - a wand of quicksilver (12)
Scrolls
 m - 2 scrolls of amnesia
 r - a scroll of silence
 u - a scroll of torment
Potions
 d - 2 potions of cancellation
 n - a potion of lignification {unknown}
 q - a potion of attraction {unknown}
 s - a potion of curing {unknown}
 A - a potion of degeneration {unknown}
 C - a potion of might {unknown}


   Skills:
 + Level 4.0 Fighting
 + Level 3.6 Short Blades
 + Level 3.0 Armour
 + Level 5.0 Dodging
 + Level 4.1 Stealth
 + Level 4.2 Spellcasting
 + Level 4.2 Conjurations
 + Level 4.2 Hexes
 + Level 4.2 Summonings
 + Level 4.2 Necromancy
 + Level 4.2 Translocations
 + Level 4.2 Transmutations
 + Level 4.2 Fire Magic
 + Level 4.2 Ice Magic
 + Level 4.2 Air Magic
 + Level 4.2 Earth Magic
 + Level 4.2 Poison Magic


You knew the following spells:

 Your Spells              Type           Power      Damage    Failure   Level
a - Freeze                Ice            68%        1d8       2%          1
b - Frozen Ramparts       Ice            34%        1d6       9%          3
c - Ozocubu's Armour      Ice            17%        N/A       9%          3
d - Summon Ice Beast      Ice/Summ       17%        N/A       28%         4
e - Apportation           Tloc           34%        N/A       2%          1
f - Call Imp              Summ           34%        N/A       4%          2
g - Passwall              Tmut/Erth      14%        N/A       4%          2
Your spell library was empty.

Dungeon Overview and Level Annotations

Branches:
Dungeon (5/15)              Sewer (visited)
 Temple: D:4-7

Altars:

Shops:
D:2 [


Innate Abilities, Weirdness & Mutations

You are immune to sickness and miasma.
You are immune to poison.
Your flesh is very heat resistant. (rF++)
You are vulnerable to cold. (rC-)
You float through the air rather than walking.
You learn spells naturally, not from books.
Your magical power is your life essence.
You have superior vitality. (+4 MHP)


Message History

Your Dodging skill increases to level 5!
You start resting.
HP restored.
Found a stone staircase leading down.
You now have 178 gold pieces (gained 6).
g - 50 stones (gained 4)
A scorpion comes into view.
You see here 3 stones.
g - 53 stones (gained 3)
The helpless scorpion fails to defend itself.
You impale the scorpion!!
You kill the scorpion!
Your Fighting skill increases to level 4!
Your Armour skill increases to level 3!
You see here a scorpion corpse.
The ice beast hits you but does no damage.
You hit the ice beast but do no damage. The ice beast closely misses you.
You closely miss the ice beast. The ice beast hits you.
The ice beast freezes you!
You hit the ice beast but do no damage. You hit the ice beast but do no damage.
The ice beast completely misses you.
You barely miss the ice beast. The ice beast closely misses you.
You hit the ice beast but do no damage. The ice beast hits you.
The ice beast freezes you!
You hit the ice beast but do no damage.
The ice beast is poisoned.
The ice beast hits you. The ice beast freezes you!
* * * LOW HITPOINT WARNING * * *
You closely miss the ice beast.
The ice beast is moderately wounded.
You hit the ice beast but do no damage.
The ice beast is moderately wounded.
The ice beast hits you.
* * * LOW HITPOINT WARNING * * *
The ice beast freezes you!
* * * LOW HITPOINT WARNING * * *
The ice beast attacks as you move away! The ice beast barely misses you.
The ice beast attacks as you move away! The ice beast hits you.
* * * LOW HITPOINT WARNING * * *
The ice beast freezes you!
You die...

##..#
#.#.#...####.#.##.####
##..#
#.#.#...##...#....# #
....######
#........#####..# ##
.......>..
###...##...#....###.
.##.######
##...####.#.##.##.#
.##.#
#...........##...##
....#
#.#.##############
.#### #.Y.# ## .#
#.@## #. .### #..##
####. ...# #...#
##...# ##.# ##..#
##....# ...# #..#
#....## .### #..#
##...†# .# #..#
#...##. ## ###
#..####### ####### #
##<###..#.....##### ##


You could see an ice beast (very poisoned).

Vanquished Creatures
  A water moccasin (D:4)
  A phantom (D:5)
  2 scorpions (D:5)
  A vampire bat (D:5)
  A hound (D:4)
  A gnoll bouda (D:4)
  4 orc priests
  A sleepcap (D:5)
  2 iguanas (D:4)
  Ijyb (D:4)
  3 orc wizards
  Robin (D:4)
  10 gnolls
  9 adders
  2 ufetubi (D:5)
  A worm (D:2)
  5 dart slugs
  3 fire bats (D:5)
  20 orcs
  2 spectral bats (D:5)
  6 ball pythons
  13 bats
  3 bat skeletons (D:5)
  A bat zombie (D:5)
  4 endoplasms
  6 giant cockroaches
  10 goblins
  9 hobgoblins
  6 jackals
  4 quokkas
  A bat simulacrum (D:5)
  7 frilled lizards
  10 kobolds
  6 rats
157 creatures vanquished.

Vanquished Creatures (collateral kills)
  Pargi (D:2)
  A nameless horror (D:2)
2 creatures vanquished.

Grand Total: 159 creatures vanquished

Notes
Turn   | Place    | Note
-------+----------+-------------------------------------------
     0 | D:1      | Velope the Djinni Ice Elementalist began the quest for the
                  | Orb.
     0 | D:1      | Velope set off with the following spells memorised: Freeze,
                  | Frozen Ramparts, Ozocubu's Armour, Summon Ice Beast.
     0 | D:1      | Reached XP level 1. HP: 15/15 MP: 0/0
   349 | D:1      | Reached XP level 2. HP: 18/22 MP: 0/0
   591 | D:1      | Reached XP level 3. HP: 15/26 MP: 0/0
   591 | D:1      | Learned a level 1 spell: Apportation
   895 | D:1      | Reached skill level 1 in Fighting
   895 | D:1      | Reached skill level 1 in Short Blades
  1508 | D:2      | Found a faded altar of an unknown god.
  1536 | D:2      | Reached XP level 4. HP: 12/32 MP: 0/0
  2327 | D:2      | Found Teidof's Armour Shoppe.
  2662 | D:3      | Found a glowing drain.
  2695 | D:3      | Reached skill level 3 in Dodging
  2695 | D:3      | Reached XP level 5. HP: 29/38 MP: 0/0
  2695 | D:3      | Learned a level 2 spell: Call Imp
  2768 | Sewer    | Entered a sewer
  3161 | Sewer    | Noticed Pargi
  3324 | Sewer    | Noticed a nameless horror
  3452 | D:3      | You are sucked into a shaft and drop 2 floors!
  3452 | D:5      | Entered Level 5 of the Dungeon
  3829 | D:4      | Reached XP level 6. HP: 42/43 MP: 0/0
  4327 | D:4      | Noticed a water moccasin
  4347 | D:4      | Killed a water moccasin
  4348 | D:4      | Reached skill level 1 in Armour
  4348 | D:4      | Reached XP level 7. HP: 32/49 MP: 0/0
  4348 | D:4      | Learned a level 2 spell: Passwall
  4555 | D:4      | Noticed Robin
  4576 | D:4      | Killed Robin
  4648 | D:4      | Noticed Ijyb
  4674 | D:4      | Killed Ijyb
  4675 | D:4      | Reached skill level 4 in Dodging
  5452 | D:2      | Killed Pargi
  6509 | D:3      | Reached XP level 8. HP: 42/56 MP: 0/0
  8369 | D:5      | Reached skill level 5 in Dodging
  8569 | D:5      | Slain by an ice beast

Illustrated notes

Levels and vault maps discovered:
D:1:      minmay_arrival_open_corners, layout_rooms, minmay_3d_cube
D:2:      layout_rooms, hellmonk_ecumenical_altar_arch_garden, serial_shops,
          shop, minmay_pentomino_v2
D:3:      layout_basic, gup_sewer_entry_glass
D:4:      layout_loops_ring, corexii_corridor_pit, nicolae_goblin_pals
D:5:      layout_loops_ring, goddamned_bats

Skill      XL: |  1  2  3  4  5  6  7  8 |
---------------+-------------------------+-----
Fighting       | 1 2 3 4 |  4.0
Short Blades   | 1 2 3 |  3.6
Stealth        | 2 3 4 |  4.1
Dodging        | 3 4 5 |  5.0
Armour         | 1 2 3 |  3.0
Spellcasting   | 4 |  4.2
Conjurations   | 4 |  4.2
Hexes          | 4 |  4.2
Summonings     | 4 |  4.2
Necromancy     | 4 |  4.2
Translocations | 4 |  4.2
Transmutations | 4 |  4.2
Fire Magic     | 4 |  4.2
Ice Magic      | 4 |  4.2
Air Magic      | 4 |  4.2
Earth Magic    | 4 |  4.2
Poison Magic   | 4 |  4.2

Action                     |  1- 3 |  4- 6 |  7- 9 || total
---------------------------+-------+-------+-------++-------
  Melee: Short sword       |    10 |       |       ||    10
         Dagger            |     8 |    67 |   241 ||   316
         Punch             |       |     1 |       ||     1
   Cast: Freeze            |    42 |   108 |    76 ||   226
         Call Imp          |       |     2 |     2 ||     4
  Evoke: Wand              |       |       |     1 ||     1
    Use: Scroll            |     3 |     3 |     5 ||    11
         Potion            |       |     3 |       ||     3
   Stab: Sleeping          |       |     4 |     4 ||     8
 Armour: Robe              |     6 |    41 |       ||    47
         Leather armour    |       |    22 |     1 ||    23
         Animal skin       |       |       |    80 ||    80
  Dodge: Dodged            |    23 |   174 |   247 ||   444

Table legend: (Time is in decaauts)
 A = Elapsed time spent in this place.
 B = Non-inter-level travel time spent in this place.
 C = Inter-level travel time spent in this place.
 D = Time resting spent in this place.
 E = Time spent auto-exploring this place.
 F = Levels seen in this place.
 G = Mean time per level.
                   A        B        C        D        E       F      G
               +--------+--------+--------+--------+--------+-----+--------+
         Total |   8533 |   8318 |    215 |   3943 |   2052 |   6 | 1422.2 |
       Dungeon |   7872 |   7657 |    215 |   3519 |   2031 |   5 | 1574.4 |
         Sewer |    660 |    660 |      0 |    424 |     21 |   1 |  660.0 |
               +--------+--------+--------+--------+--------+-----+--------+

Top non-repeatable levels by time:
     D:4: 2105 daAuts
     D:2: 1726 daAuts
     D:1: 1517 daAuts
     D:5: 1333 daAuts
     D:3: 1189 daAuts
   Sewer: 660 daAuts
